 Dungeon Crawl Stone Soup version 0.27-a0-1200-g94dc6ad4cf (webtiles) character file.

Game seed: 4519337909521549301

4351 bande the Cleaver (level 10, 0/60 HPs)
             Began as a Gargoyle Fighter on May 31, 2021.
             Was an Elder of Okawaru.
             Slain by a manticore (11 damage)
             ... on level 9 of the Dungeon.
             The game lasted 00:22:28 (10226 turns).

bande the Cleaver (Gargoyle Fighter)               Turns: 10226, Time: 00:22:29

Health: 0/60       AC: 25    Str: 22    XL:     10   Next: 34%
Magic:  14/14      EV:  5    Int:  9    God:    Okawaru [****..]
Gold:   423        SH: 11    Dex: 16    Spells: 9/9 levels left

rFire    . . .     SeeInvis .   a - +0 war axe
rCold    . . .     Faith    .   c - +0 kite shield
rNeg     + . .     Spirit   .   w - +0 plate armour
rPois    ∞         Reflect  .   (no helmet)
rElec    +         Harm     .   (no cloak)
rCorr    +         Rampage  .   v - +0 pair of gloves
Will     .....                  (no boots)
Stlth    ..........             (no amulet)
HPRegen  0.20/turn              s - +6 ring of dexterity
MPRegen  0.14/turn              t - ring of Unaoh {rCorr AC+4}

@: no status effects
A: sickness immunity, AC +7, negative energy resistance 1, electricity
resistance, torment resistance 1, petrification resistance
a: Renounce Religion, Heroism


You were on level 9 of the Dungeon.
You worshipped Okawaru.
Okawaru was greatly pleased with you.
You visited 2 branches of the dungeon, and saw 10 of its levels.

You collected 478 gold pieces.
You spent 55 gold pieces at shops.

Inventory:

Hand Weapons
 a - a +0 war axe (weapon)
 n - a +0 flail
 q - a +0 war axe
Missiles
 g - 9 curare-tipped darts (quivered)
 j - 4 boomerangs of dispersal
 o - 7 atropa-tipped darts
Armour
 c - a +0 kite shield (worn)
 v - a +0 pair of gloves (worn)
 w - a +0 plate armour (worn)
Jewellery
 b - a ring of ice
 e - a ring of magical power
 s - a +6 ring of dexterity (left hand)
 t - the ring of Unaoh (right hand) {rCorr AC+4}
   (You found it on level 5 of the Dungeon)

   [ring of protection]

   It affects your AC (+4).
   It protects you from acid and corrosion.
 u - a ring of ice
Wands
 d - a wand of flame (20)
 m - a wand of acid (8)
 y - a wand of mindburst (13)
Scrolls
 f - 5 scrolls of teleportation
 x - 3 scrolls of summoning
 A - a scroll of immolation {unknown}
 B - a scroll of enchant armour {unknown}
 C - a scroll of identify
Potions
 h - a potion of invisibility
 i - a potion of flight
 k - a potion of ambrosia
 l - a potion of resistance
 p - 2 potions of berserk rage
 r - a potion of cancellation {unknown}
 z - a potion of degeneration {unknown}


   Skills:
 + Level 5.8 Fighting
 + Level 8.1 Axes
 + Level 6.7 Armour
 - Level 1.0 Dodging
 + Level 7.1 Shields
 * Level 5.6 Invocations
 * Level 5.0 Evocations


You had 9 spell levels left.
You didn't know any spells.
Your spell library contained the following spells:

 Spells                   Type           Power      Damage    Failure   Level
 Apportation              Tloc           0%         N/A       100%        1
 Corona                   Hex            0%         N/A       100%        1
 Summon Small Mammal      Summ           0%         N/A       100%        1
 Corpse Rot               Necr/Air       N/A        N/A       100%        2
 Ensorcelled Hibernation  Hex/Ice        0%         N/A       100%        2
 Confusing Touch          Hex            0%         N/A       100%        3
 Dazzling Flash           Conj/Hex       0%         N/A       100%        3
 Gell's Gravitas          Tloc           0%         N/A       100%        3
 Lesser Beckoning         Tloc           0%         N/A       100%        3
 Mephitic Cloud           Conj/Pois/Air  0%         N/A       100%        3
 Stone Arrow              Conj/Erth      0%         3d7       100%        3
 Tukima's Dance           Hex            0%         N/A       100%        3
 Petrify                  Tmut/Erth      0%         N/A       100%        4
 Summon Lightning Spire   Summ/Air       0%         N/A       100%        4
 Alistair's Intoxication  Tmut/Pois      0%         N/A       100%        5
 Hydra Form               Tmut           0%         N/A       100%        5
 Metabolic Englaciation   Hex/Ice        0%         N/A       100%        5
 Summon Forest            Summ/Tloc      0%         N/A       100%        5
 Yara's Violent Unravell  Hex/Tmut       0%         3d3       100%        5
 Eringya's Noxious Bog    Tmut/Pois      0%         N/A       100%        6
 Invisibility             Hex            0%         N/A       100%        6
 Summon Hydra             Summ           0%         N/A       100%        7


Dungeon Overview and Level Annotations

Branches:
Dungeon (9/15)             Temple (1/1) D:4
   Lair: D:8-11         Orc: D:9-12

Altars:
Ashenzari
Cheibriados
Dithmenos
Elyvilon
Fedhas
Gozag
Hepliaklqana
Kikubaaqudgha
Makhleb
Nemelex Xobeh
Okawaru
Qazlal
Ru
Sif Muna
Trog
Uskayaw
Vehumet
Xom
Yredelemnul
Zin
The Shining One

Shops:
D:2 *   D:5 *

Annotations:
D:4 1 runed translucent door, Strat's ghost, amateur TrCK


Innate Abilities, Weirdness & Mutations

You are immune to sickness and miasma.
Your stone body is resilient. (AC +7)
You are immune to poison.
You resist negative energy. (rN+)
You are resistant to electric shocks. (rElec)
You are resistant to unholy torment.
You are immune to petrification.


Message History

The manticore barely misses you. You block the manticore's attack.
Your plate armour prevents you from hitting the manticore.
The manticore bites you. You block the manticore's attack. x2
You barely miss the manticore.
The manticore bites you but does no damage.
The manticore claws you. The manticore claws you!
You slash the manticore!
The manticore is moderately wounded.
The manticore bites you. You block the manticore's attack.
The manticore claws you but does no damage.
You block the manticore's attack. The manticore claws you. x2
You completely miss the manticore.
The manticore is moderately wounded.
The manticore bites you but does no damage.
The manticore claws you but does no damage.
You block the manticore's attack.
You closely miss the manticore.
The manticore is moderately wounded.
The manticore bites you!
* * * LOW HITPOINT WARNING * * *
You block the manticore's attack. The manticore claws you.
* * * LOW HITPOINT WARNING * * *
You slash the manticore!
The manticore is heavily wounded.
The manticore barely misses you.
The manticore claws you but does no damage. x2
The manticore bites you but does no damage.
You block the manticore's attack. The manticore barely misses you.
You slash the manticore!
The manticore is severely wounded.
You block the manticore's attack. The manticore closely misses you.
The manticore claws you but does no damage.
You hit the manticore.
The manticore is almost dead.
The manticore bites you but does no damage.
You block the manticore's attack. x2
You hit the manticore.
The manticore is almost dead.
The manticore bites you!
You die...

.............))......#
.######.##.###########
##.##.# #
#..##.#######..
#########.###..<.......
##.........# #........#
##..###########........#
...## ######.........#
.### ####.......@H.....#
.# ##....#####........#
.####..#### ##.........#
.#....## ###....#######
...#### #....#.# .....#
#.#.##.#
...#.######.#.##..
..............##.##
.#...........#####


You could see a manticore.

Vanquished Creatures
  A cyclops (D:7)
  2 centaur zombies
  The ghost of Tocho the Bolt Thrower, an amateur KoHu (D:5)
  A wyvern (D:7)
  A steam dragon (D:9)
  A water moccasin (D:7)
  A black bear (D:7)
  2 sky beasts
  2 necrophages
  4 ice beasts
  A centaur (D:7)
  2 ogres
  2 kobold brigands
  2 gnoll sergeants
  2 scorpions
  A water moccasin zombie (D:7)
  14 killer bees (D:8)
  3 wights
  4 jellies
  2 orc priests
  A bullfrog skeleton (D:5)
  4 hounds
  A centaur skeleton (D:4)
  5 iguanas
  2 orc wizards
  A hound zombie (D:5)
  A howler monkey zombie (D:7)
  8 gnolls
  5 adders
  2 shadow imps (D:6)
  2 white imps (D:5)
  An ufetubus (D:6)
  An adder skeleton (D:5)
  2 dart slugs
  2 worms
  31 orcs
  2 endoplasms
  2 giant cockroaches
  8 goblins
  5 hobgoblins
  4 jackals (D:3)
  14 kobolds
  9 quokkas
  2 ball pythons
  6 bats
  5 frilled lizards
  11 rats
186 creatures vanquished.

Vanquished Creatures (collateral kills)
  A bat (D:2)
1 creature vanquished.

Vanquished Creatures (others)
  4 fungi (D:9)
  4 plants (D:9)
8 creatures vanquished.

Grand Total: 195 creatures vanquished

Notes
Turn   | Place    | Note
-------+----------+-------------------------------------------
     0 | D:1      | bande the Gargoyle Fighter began the quest for the Orb.
     0 | D:1      | Reached XP level 1. HP: 14/14 MP: 1/1
   224 | D:1      | Reached XP level 2. HP: 14/19 MP: 2/2
   559 | D:1      | Reached skill level 2 in Axes
  1098 | D:2      | Reached XP level 3. HP: 23/23 MP: 3/3
  1253 | D:2      | Found Myvighuw's General Store.
  2089 | D:3      | Reached XP level 4. HP: 28/28 MP: 4/4
  2180 | D:3      | Identified the Handbook of the Noxious Entourage
  2433 | D:3      | Found a faded altar of an unknown god.
  2450 | D:3      | Reached skill level 3 in Axes
  2774 | D:3      | Found a hazy altar of Hepliaklqana.
  3110 | D:4      | Noticed a sky beast
  3124 | D:3      | Killed a sky beast
  3125 | D:3      | Reached XP level 5. HP: 24/33 MP: 5/5
  3374 | D:4      | Noticed a sky beast
  3394 | D:4      | Killed a sky beast
  3395 | D:4      | Reached skill level 4 in Axes
  3395 | D:4      | Reached skill level 1 in Evocations
  3395 | D:4      | Reached XP level 6. HP: 28/38 MP: 6/6
  3465 | D:4      | Reached skill level 1 in Dodging
  3651 | D:4      | Found a staircase to the Ecumenical Temple.
  3675 | Temple   | Entered the Ecumenical Temple
  3856 | Temple   | Became a worshipper of Warmaster Okawaru
  4190 | D:4      | Reached skill level 1 in Invocations
  4190 | D:4      | Reached XP level 7. HP: 32/43 MP: 7/7
  4357 | D:4      | Found a runed translucent door.
  4423 | D:4      | Noticed Strat's ghost (amateur TrCK)
  4621 | D:5      | Entered Level 5 of the Dungeon
  4715 | D:5      | Found a sacrificial altar of Ru.
  5196 | D:5      | Found a large runed translucent door.
  5200 | D:5      | Found a large runed translucent door.
  5200 | D:5      | Noticed Tocho's ghost (amateur KoHu)
  5215 | D:5      | Found Ocwoamio's General Store.
  5218 | D:5      | Bought a potion of heal wounds for 55 gold pieces
  5237 | D:5      | Found a stormy altar of Qazlal.
  5246 | D:5      | Reached * piety under Okawaru
  5458 | D:5      | Identified the ring of Unaoh {rCorr AC+4}
  5762 | D:5      | Reached skill level 5 in Axes
  5784 | D:5      | Found a shimmering blue altar of Sif Muna.
  5803 | D:5      | Reached ** piety under Okawaru
  5804 | D:5      | Reached skill level 5 in Armour
  5804 | D:5      | Reached skill level 5 in Shields
  5804 | D:5      | Reached XP level 8. HP: 28/48 MP: 8/10
  6059 | D:5      | Killed Tocho's ghost
  6060 | D:5      | Reached skill level 6 in Axes
  6632 | D:6      | HP: 1/48 [orc wizard/magic dart (9)]
  6823 | D:6      | Reached skill level 5 in Fighting
  6868 | D:6      | Reached XP level 9. HP: 51/54 MP: 11/11
  7222 | D:6      | Reached *** piety under Okawaru
  7940 | D:7      | Found a basalt altar of Yredelemnul.
  8019 | D:7      | Found an opulent altar of Gozag.
  8021 | D:7      | Found a hide-covered altar of Uskayaw.
  8027 | D:7      | Reached skill level 7 in Axes
  8123 | D:7      | Noticed a cyclops
  8136 | D:7      | Killed a cyclops
  8271 | D:7      | Found a white marble altar of Elyvilon.
  8271 | D:7      | Found a glowing golden altar of the Shining One.
  8271 | D:7      | Found a glowing silver altar of Zin.
  8703 | D:8      | Reached **** piety under Okawaru
  8704 | D:8      | Reached skill level 5 in Invocations
  8714 | D:8      | Found a shimmering altar of Xom.
  8726 | D:8      | Reached XP level 10. HP: 41/59 MP: 13/13
  9099 | D:8      | Found a broken altar of Ashenzari.
  9855 | D:8      | Reached skill level 8 in Axes
 10072 | D:9      | Reached skill level 5 in Evocations
 10210 | D:9      | Noticed a manticore
 10226 | D:9      | Slain by a manticore

Illustrated notes

Levels and vault maps discovered:
D:1:      saegor_arrival_simple_e, layout_loops_ring, serial_forest,
          infiniplex_forest_lined_room_, infiniplex_forest_lined_room_3,
          infiniplex_forest_clump_double, infiniplex_forest_straight_4,
          infiniplex_forest_lined_room_3, infiniplex_forest_corner_1,
          infiniplex_forest_end_2, infiniplex_forest_clump_diagonal,
          infiniplex_forest_lined_3_way, infiniplex_forest_lined_corner
D:2:      layout_loops_corners, serial_shops, shop_statue
D:3:      layout_basic, nicolae_overflow_hidden_temple, basic_ecumenical_altar
D:4:      layout_cave_pools, minmay_temple_entry_statues_fountains,
          ebering_ghost_reflecting_pool, minmay_quantized
D:5:      layout_loops_ring, hangedman_ru_absence,
          nicolae_qazlal_general_emergency, lemuel_coloured_pillars_altar,
          ebering_ghost_disaster_area, serial_shops, kennysheep_mini_moat
D:6:      layout_basic, amcnicky_mini_pool_medium
D:7:      layout_rooms, good_gods_mini_temple, kennysheep_little_box,
          chequers_temple_overflow_statue_of_worship
D:8:      layout_cave_pools, overflow_temple_1_default, amcnicky_altar_gilded
D:9:      layout_rooms, dpeg_oklobed_lair,
          kennysheep_orc_monster_closet_entryway, grunt_decor_arrowhead,
          roderic_roman_lattice, minmay_joined_circles
Temple:   jpeg_temple_island

Skill      XL: |  1  2  3  4  5  6  7  8  9 10 |
---------------+-------------------------------+-----
Axes           | 2 3 4 5 6 7 8 |  8.1
Armour         | 4 5 6 |  6.7
Shields        | 4 5 6 7 |  7.1
Evocations     | 1 3 4 5 |  5.0
Dodging        | 1 |  1.0
Fighting       | 4 5 |  5.8
Invocations    | 1 2 3 5 |  5.6

Action                   |  1- 3 |  4- 6 |  7- 9 | 10-12 || total
-------------------------+-------+-------+-------+-------++-------
Melee: War axe           |   110 |   134 |   357 |   156 ||   757
  Use: Scroll            |     2 |     6 |     4 |       ||    12
       Potion            |       |       |     4 |     2 ||     6
Armor: Scale mail        |    64 |    67 |   210 |       ||   341
       Plate armour      |       |       |    38 |   196 ||   234
Dodge: Dodged            |    41 |    47 |   145 |    62 ||   295
Block: Kite shield       |    58 |    73 |   231 |   173 ||   535

Table legend: (Time is in decaauts)
 A = Elapsed time spent in this place.
 B = Non-inter-level travel time spent in this place.
 C = Inter-level travel time spent in this place.
 D = Time resting spent in this place.
 E = Time spent auto-exploring this place.
 F = Levels seen in this place.
 G = Mean time per level.
                   A        B        C        D        E       F      G
               +--------+--------+--------+--------+--------+-----+--------+
         Total |  10592 |  10555 |     37 |   2436 |   5734 |  10 | 1059.2 |
       Dungeon |  10370 |  10333 |     37 |   2436 |   5569 |   9 | 1152.2 |
        Temple |    221 |    221 |      0 |      0 |    165 |   1 |  221.0 |
               +--------+--------+--------+--------+--------+-----+--------+

Top non-repeatable levels by time:
     D:5: 1904 daAuts
     D:4: 1340 daAuts
     D:6: 1290 daAuts
     D:3: 1278 daAuts
     D:8: 1166 daAuts
     D:2: 1069 daAuts
     D:1: 1067 daAuts
     D:7: 967 daAuts
     D:9: 285 daAuts
  Temple: 221 daAuts
